 Dungeon Crawl Stone Soup version 0.24-a0-292-g5c6fb1c (webtiles) character file.

Game seed: 10117575294153154778

347 nikopol the Firebug (level 6, -1/32 HPs)
             Began as a Deep Elf Fire Elementalist on May 10, 2019.
             Slain by a river rat (4 damage)
             ... in a sewer.
             The game lasted 00:07:30 (2179 turns).

nikopol the Firebug (Deep Elf Fire Elementalist)    Turns: 2179, Time: 00:07:31

Health: -1/32      AC:  2    Str:  5    XL:     6   Next: 33%
Magic:  0/15       EV: 13    Int: 22    God:
Gold:   161        SH:  4    Dex: 15    Spells: 5/15 levels left

rFire    . . .     SeeInvis .   k - +1 dagger (speed)
rCold    . . .     Gourm    .   w - +0 buckler
rNeg     . . .     Faith    .   a - +0 robe
rPois    .         Spirit   .   (no helmet)
rElec    .         Reflect  .   (no cloak)
rCorr    .         Harm     .   (no gloves)
MR       .....                  (no boots)
Stlth    ++........             (no amulet)
HPRegen  0.10/turn              (no ring)
MPRegen  0.14/turn              (no ring)

@: lethally poisoned (-1 -> -3)
A: no striking features
a: no special abilities


You were in a sewer.
You were hungry.

You visited 1 branch of the dungeon, and saw 4 of its levels.
You also visited: Sewer.

You collected 161 gold pieces.

Inventory:

Hand Weapons
 k - a +1 dagger of speed (weapon)
Armour
 a - a +0 robe (worn)
 w - a +0 buckler (worn)
Scrolls
 g - 3 scrolls of identify
 l - a scroll of magic mapping
 m - 2 scrolls of teleportation {unknown}
 n - a scroll of enchant armour {unknown}
 p - a scroll of remove curse {unknown}
 q - a scroll of enchant weapon {unknown}
 r - a scroll of random uselessness {unknown}
 t - a scroll of noise {unknown}
 u - a scroll of fog {unknown}
 v - a scroll of amnesia {unknown}
Potions
 d - a potion of heal wounds {unknown}
 f - a potion of mutation {unknown}
 h - 2 potions of brilliance {unknown}
 i - a potion of agility {unknown}
 o - a potion of might {unknown}
Comestibles
 c - 3 rations
 x - 2 chunks of flesh


   Skills:
 + Level 2.9 Dodging
 + Level 3.1 Stealth
 * Level 1.4 Shields
 + Level 5.1 Spellcasting
 + Level 3.4 Conjurations
 + Level 5.2 Fire Magic


You had 5 spell levels left.
You knew the following spells:

 Your Spells              Type           Power        Failure   Level  Hunger
a - Flame Tongue          Conj/Fire      ###..        2%          1    None
b - Throw Flame           Conj/Fire      ###...       3%          2    None
c - Conjure Flame         Conj/Fire      ###.....     7%          3    ##.....
d - Sticky Flame          Conj/Fire      ###.....     22%         4    ####...

Your spell library contained the following spells:

 Spells                   Type           Power        Failure   Level  Hunger
 Inner Flame              Hex/Fire       ###.....     14%         3    ##.....
 Fireball                 Conj/Fire      ###.......   54%         5    #####..


Dungeon Overview and Level Annotations

Branches:
Dungeon (4/15)
 Temple: D:4-7

Altars:
Fedhas
Makhleb
Okawaru
Ru
Xom
The Shining One


Message History

Confirm with . or Enter, or press ? or * to list all spells.
Aiming: Flame Tongue (safe; 2% risk of failure)
Press: ? - help, Shift-Dir - straight line, f/p - river rat
Aim: a river rat (almost dead)
The flame tongue misses the river rat.
You feel sick. The river rat misses you.
The rat twitches its whiskers.
The rat bites you but does no damage.
You hit the river rat but do no damage.
The river rat is severely wounded.
Okay, then.
Your shield prevents you from hitting the river rat.
The river rat is severely wounded.
The river rat bites you.
* * * LOW HITPOINT WARNING * * *
The rat barely misses you.
You aren't carrying any items that you can evoke.
You hit the river rat but do no damage.
The river rat is severely wounded.
The river rat bites you.
You die... ############### #..r@rr∩r.....≈ ###############

You could see 2 river rats and 2 rats.

Vanquished Creatures
  Grinder (D:4)
  Jessica (D:1)
  An orc wizard (D:3)
  2 adders
  An ooze (D:2)
  A worm (D:2)
  2 dart slugs (D:2)
  3 leopard geckos
  7 orcs
  6 giant cockroaches
  6 goblins
  4 hobgoblins (D:3)
  2 jackals (D:1)
  11 kobolds
  A ball python (D:4)
  4 bats
  3 frilled lizards (D:2)
  A leopard gecko skeleton (D:4)
  8 rats
65 creatures vanquished.

Notes
Turn   | Place    | Note
-------+----------+-------------------------------------------
     0 | D:1      | nikopol the Deep Elf Fire Elementalist began the quest for
                  | the Orb.
     0 | D:1      | Reached XP level 1. HP: 10/10 MP: 6/6
   277 | D:1      | Reached XP level 2. HP: 15/15 MP: 4/8
   305 | D:1      | Found a glowing golden altar of the Shining One.
   670 | D:2      | Noticed Jessica
   682 | D:1      | Killed Jessica
   682 | D:1      | Reached XP level 3. HP: 14/19 MP: 0/10
   686 | D:1      | Learned a level 2 spell: Throw Flame
   690 | D:1      | Learned a level 3 spell: Conjure Flame
  1009 | D:2      | Reached XP level 4. HP: 23/24 MP: 5/11
  1015 | D:2      | Learned a level 4 spell: Sticky Flame
  1189 | D:2      | Found a blossoming altar of Fedhas.
  1189 | D:2      | Found a sacrificial altar of Ru.
  1469 | D:3      | Found a shimmering altar of Xom.
  1481 | D:3      | Found a shimmering altar of Xom.
  1483 | D:3      | Found a shimmering altar of Xom.
  1483 | D:3      | Found a shimmering altar of Xom.
  1484 | D:3      | Found a shimmering altar of Xom.
  1485 | D:3      | Found a shimmering altar of Xom.
  1487 | D:3      | Found a shimmering altar of Xom.
  1747 | D:3      | Found an iron altar of Okawaru.
  1752 | D:3      | Found a burning altar of Makhleb.
  1999 | D:3      | Reached XP level 5. HP: 16/28 MP: 0/13
  2112 | D:4      | Noticed Grinder
  2114 | D:4      | Paralysed by Grinder for 3 turns
  2123 | D:4      | Killed Grinder
  2123 | D:4      | Reached skill level 1 in Shields
  2123 | D:4      | Reached skill level 5 in Spellcasting
  2123 | D:4      | Reached skill level 5 in Fire Magic
  2123 | D:4      | Reached XP level 6. HP: 29/32 MP: 5/15
  2155 | D:4      | Found a glowing drain.
  2165 | Sewer    | Entered a sewer
  2179 | Sewer    | Slain by a river rat

Levels and vault maps discovered:
D:1:      minmay_arrival_checkered_box, layout_basic, tso_altar
D:2:      layout_basic, gammafunk_temple_overflow_wave, uniq_jessica
D:3:      layout_loops_cross, grunt_temple_overflow_open, first_ration,
          chequers_serial_rivers_micro_c, minmay_misc_feat_secret_circle,
          corexii_hall_statues_x, nicolae_xom_altar_mimics
D:4:      layout_rooms, cheibrodos_sewer_entry_sluice, serial_shops,
          shop_statue, minivault_24, st_stairs_3, minmay_small_thing,
          uniq_grinder
Sewer:    sewer_kobolds

Skill      XL: |  1  2  3  4  5 |
---------------+----------------+-----
Fire Magic     | 4 5 |  5.2
Conjurations   | 2 3 |  3.4
Spellcasting   | 4 5 |  5.1
Stealth        | 3 |  3.1
Shields        | 1 |  1.4
Dodging        | |  2.9

Action                   |  1- 3 |  4- 6 || total
-------------------------+-------+-------++-------
Melee: Dagger            |       |     9 ||     9
 Cast: Flame Tongue      |    58 |    74 ||   132
       Throw Flame       |       |     4 ||     4
       Sticky Flame      |       |     1 ||     1
  Use: Scroll            |       |     4 ||     4
       Potion            |       |     2 ||     2
  Eat: Chunk             |       |     3 ||     3
Armor: Robe              |     3 |     9 ||    12
Dodge: Dodged            |    10 |    20 ||    30
Block: Buckler           |       |     1 ||     1

Table legend:
 A = Non-vault XP
 B = Vault XP
 C = Vault XP percentage of total XP
 D = Non-vault monster count
 E = Vault monster count
 F = Vault count percentage of total count
                 A         B        C        D         E       F
            +---------+---------+-------+---------+---------+-------
      Total |     182 |     315 |  63.4 |      62 |       3 |   4.6
            +---------+---------+-------+---------+---------+-------
        D:1 |      23 |      37 |  61.7 |      13 |       1 |   7.1
        D:2 |      56 |       0 |   0.0 |      21 |       0 |   0.0
        D:3 |      83 |       0 |   0.0 |      20 |       0 |   0.0
        D:4 |      20 |     278 |  93.3 |       8 |       2 |  20.0
            +---------+---------+-------+---------+---------+-------
